 Dungeon Crawl Stone Soup version 0.27-a0-1184-ge86db4a01e (webtiles) character file.

Game seed: 7443949826140403498

245 bande the Shield-Bearer (level 6, -10/38 HPs)
             Began as a Gargoyle Fighter on May 18, 2021.
             Mangled by an ogre
             ... wielding a +0 giant spiked club
              (25 damage)
             ... on level 4 of the Dungeon.
             The game lasted 00:07:51 (3340 turns).

bande the Shield-Bearer (Gargoyle Fighter)          Turns: 3340, Time: 00:07:52

Health: -10/38     AC: 11    Str: 20    XL:     6   Next: 10%
Magic:  6/6        EV:  7    Int:  9    God:
Gold:   168        SH:  9    Dex: 10    Spells: 5/5 levels left

rFire    . . .     SeeInvis .   a - +0 war axe (vorpal)
rCold    . . .     Faith    .   c - +0 kite shield
rNeg     + . .     Spirit   .   b - +0 scale mail
rPois    ∞         Reflect  .   (no helmet)
rElec    +         Harm     .   (no cloak)
rCorr    .         Rampage  .   (no gloves)
Will     .....                  (no boots)
Stlth    ..........             (no amulet)
HPRegen  0.12/turn              (no ring)
MPRegen  0.10/turn              (no ring)

@: no status effects
A: sickness immunity, AC +4, negative energy resistance 1, electricity
resistance, torment resistance 1, petrification resistance, MP-powered wands
a: no special abilities


You were on level 4 of the Dungeon.
You visited 1 branch of the dungeon, and saw 4 of its levels.

You collected 168 gold pieces.

Inventory:

Hand Weapons
 a - a +0 vorpal war axe (weapon)
Missiles
 g - 8 atropa-tipped darts (quivered)
Armour
 b - a +0 scale mail (worn)
 c - a +0 kite shield (worn)
Scrolls
 h - a scroll of identify
 i - 2 scrolls of magic mapping
 j - a scroll of fear {unknown}
Potions
 d - a potion of might
 e - a potion of curing
 f - 2 potions of berserk rage {unknown}


   Skills:
 + Level 4.0 Fighting
 + Level 3.6 Axes
 + Level 4.3 Armour
 + Level 0.8 Dodging
 + Level 4.6 Shields


You had 5 spell levels left.
You didn't know any spells.
Your spell library contained the following spells:

 Spells                   Type           Power      Damage    Failure   Level
 Freeze                   Ice            0%         1d3       99%         1
 Frozen Ramparts          Ice            0%         1d2       100%        3
 Ozocubu's Armour         Ice            0%         N/A       100%        3
 Hailstorm                Conj/Ice       0%         3d3       100%        4
 Metabolic Englaciation   Hex/Ice        0%         N/A       100%        5


Dungeon Overview and Level Annotations

Branches:
Dungeon (4/15)
 Temple: D:4-7

Altars:
Uskayaw
Xom
Zin

Shops:
D:1 [


Innate Abilities, Weirdness & Mutations

You are immune to sickness and miasma.
Your stone body is resilient. (AC +4)
You are immune to poison.
You resist negative energy. (rN+)
You are resistant to electric shocks. (rElec)
You are resistant to unholy torment.
You are immune to petrification.
You expend magic power (3 MP) to strengthen your wands.


Message History

There is a stone staircase leading up here.
You see here 13 stones.
j - a scroll labelled BIWIXKI FE BAM
Found a stone staircase leading up.
A kobold comes into view. It is wielding a +0 dagger.
The kobold shouts!
The kobold moves out of view.
A kobold is nearby!
You hit the kobold.
The kobold is severely wounded.
You block the kobold's attack. The kobold hits you but does no damage.
You hit the kobold.
You kill the kobold!
No target in view!
No target in view!
No target in view!
No target in view!
No target in view!
Things that are here:
a +0 dagger; a kobold corpse
Found a stone staircase leading down.
There is a stone staircase leading down here.
Done exploring.
Done exploring.
There is a stone staircase leading down here.
Things that are here:
a +0 flail; a +0 ring mail You climb downwards.
There is a stone staircase leading up here.
An endoplasm comes into view.
Found 19 gold pieces.
An ogre comes into view. It is wielding a +0 giant spiked club.
The ogre shouts!
You slash the ogre!
The ogre is severely wounded.
The ogre hits you with a +0 giant spiked club!!
Ouch! That really hurt!
The ogre hits you with a +0 giant spiked club!!
Ouch! That really hurt!
You die...

## .. # . ##.
.# #.. ###.#
... ....
#.###O# .
#..J@.# ..
#.###...##.#...
#......<.......
###.....##.....
$....#.### ###.
#.#####.# #.#
#.# #.#


You could see an ogre and an endoplasm.

Vanquished Creatures
  An orc priest (D:3)
  Jessica (D:3)
  Natasha (D:3)
  An orc wizard (D:3)
  5 adders
  A white imp (D:3)
  6 dart slugs
  2 orcs (D:3)
  6 endoplasms
  3 giant cockroaches
  3 goblins
  8 hobgoblins
  10 jackals
  8 kobolds
  2 quokkas
  3 ball pythons
  7 bats
  2 frilled lizards
  6 rats
76 creatures vanquished.

Notes
Turn   | Place    | Note
-------+----------+-------------------------------------------
     0 | D:1      | bande the Gargoyle Fighter began the quest for the Orb.
     0 | D:1      | Reached XP level 1. HP: 14/14 MP: 1/1
   113 | D:1      | Reached XP level 2. HP: 19/19 MP: 2/2
   362 | D:1      | Gained mutation: You expend magic power (3 MP) to
                  | strengthen your wands. [potion of mutation]
   363 | D:1      | Found Giytod's Antique Armour Emporium.
   477 | D:1      | Reached XP level 3. HP: 18/23 MP: 3/3
  1557 | D:2      | Reached XP level 4. HP: 26/28 MP: 4/4
  1580 | D:2      | Found a glowing silver altar of Zin.
  2044 | D:3      | Found a hide-covered altar of Uskayaw.
  2044 | D:3      | Noticed a +0 hand axe
  2044 | D:3      | Noticed a +0 hand axe
  2092 | D:3      | Noticed Jessica
  2098 | D:3      | Killed Jessica
  2099 | D:3      | Reached XP level 5. HP: 23/33 MP: 5/5
  2841 | D:3      | Noticed Natasha
  2848 | D:3      | Killed Natasha
  2849 | D:3      | Reached XP level 6. HP: 26/38 MP: 6/6
  3057 | D:3      | Found a shimmering altar of Xom.
  3340 | D:4      | Mangled by an ogre

Illustrated notes

Levels and vault maps discovered:
D:1:      dpeg_arrival_round_b, layout_basic, serial_shops, shop
D:2:      layout_loops_ring, basic_altar
D:3:      layout_loops_cross, lemuel_doored_altar, dancing_weapons_uskayaw,
          uniq_jessica, uniq_natasha
D:4:      layout_loops_cross, minmay_temple_entry_from_below_a,
          hangedman_abyss_or_decor_stabs, hangedman_abyss_or_decor_slice,
          grunt_ministairs_10, uniq_grinder

Skill      XL: |  1  2  3  4  5 |
---------------+----------------+-----
Axes           | 2 3 |  3.6
Shields        | 4 |  4.6
Armour         | 4 |  4.3
Fighting       | 4 |  4.0
Dodging        | |  0.8

Action                   |  1- 3 |  4- 6 || total
-------------------------+-------+-------++-------
Melee: War axe           |   130 |   111 ||   241
  Use: Scroll            |     2 |     2 ||     4
       Potion            |     1 |     5 ||     6
Armor: Scale mail        |    79 |    67 ||   146
Dodge: Dodged            |    52 |    28 ||    80
Block: Kite shield       |    81 |    55 ||   136

Table legend: (Time is in decaauts)
 A = Elapsed time spent in this place.
 B = Non-inter-level travel time spent in this place.
 C = Inter-level travel time spent in this place.
 D = Time resting spent in this place.
 E = Time spent auto-exploring this place.
 F = Levels seen in this place.
 G = Mean time per level.
                   A        B        C        D        E       F      G
               +--------+--------+--------+--------+--------+-----+--------+
         Total |   3499 |   3491 |      8 |    538 |   2188 |   4 |  874.8 |
       Dungeon |   3499 |   3491 |      8 |    538 |   2188 |   4 |  874.8 |
               +--------+--------+--------+--------+--------+-----+--------+

Top non-repeatable levels by time:
     D:3: 1357 daAuts
     D:1: 1136 daAuts
     D:2: 1000 daAuts
     D:4: 4 daAuts
